 Dungeon Crawl Stone Soup version 0.30-a0-166-g5d06c95188 (webtiles) character file.

Game seed: 40587801504634773

443 qw the Chopper (level 7, -2/44 HPs)
             Began as a Gargoyle Fighter on Sept 28, 2022.
             Slain by Grinder (3 damage)
             ... on level 5 of the Dungeon.
             The game lasted 00:01:18 (3820 turns).

qw the Chopper (Gargoyle Fighter)                   Turns: 3820, Time: 00:01:18

Health: -2/44      AC: 17    Str: 21    XL:     7   Next: 2%
Magic:  7/7        EV: 11    Int:  9    God:
Gold:   269        SH:  4    Dex:  9    Spells: 6/6 levels left

rFire   . . .      SeeInvis .    Y - +1 war axe
rCold   . . .      Faith    .    c - +0 buckler
rNeg    + . .      Spirit   .    a - +0 chain mail
rPois   inf        Reflect  .    (no helmet)
rElec   +          Harm     .    (no cloak)
rCorr   .          Rampage  .    i - +2 pair of gloves
Will    .....                    (no boots)
Stlth   ..........               (no amulet)
HPRegen 0.14/turn                e - +4 ring of evasion
MPRegen 0.10/turn                (no ring)

@: about to teleport
A: sickness immunity, AC +4, negative energy resistance 1, electricity
resistance, torment resistance 1, petrification resistance
a: no special abilities


You were on level 5 of the Dungeon.
You visited 1 branch of the dungeon, and saw 5 of its levels.

You collected 269 gold pieces.


Innate Abilities, Weirdness & Mutations

You are immune to sickness and miasma.
Your stone body is resilient. (AC +4)
You are immune to poison.
You resist negative energy. (rN+)
You are resistant to electric shocks. (rElec)
You are resistant to unholy torment.
You are immune to petrification.


   Skills:
 - Level 4.6 Fighting
 - Level 6.1 Axes
 - Level 3.2 Armour
 + Level 0.0 Dodging
 - Level 3.2 Shields


You had 6 spell levels left.
You didn't know any spells.
Your spell library was empty.

Inventory:

Hand Weapons
 k - a +0 flail
 Y - a +1 war axe (weapon)
Missiles
 p - 2 boomerangs (quivered)
Armour
 a - a +0 chain mail (worn)
 c - a +0 buckler (worn)
 i - a +2 pair of gloves (worn)
 o - a +0 helmet
Jewellery
 e - a +4 ring of evasion (left hand)
Scrolls
 b - a scroll of blinking {unknown}
 h - 4 scrolls of identify
 n - a scroll of teleportation
 q - a scroll of butterflies {unknown}
Potions
 d - a potion of might
 f - 2 potions of haste {unknown}
 g - 2 potions of lignification
 j - a potion of brilliance {unknown}
 l - a potion of curing {unknown}
 m - a potion of attraction

Dungeon Overview and Level Annotations

Branches:
Dungeon (5/15)
 Temple: D:4-7

Altars:
Cheibriados
Dithmenos
Fedhas
Ru
Trog
Xom

Annotations:
D:5 Grinder


Message History

You hit Grinder. Grinder hits you but does no damage.
The phantom hits you but does no damage.
You hit the phantom.
You destroy the phantom!
You barely miss Grinder. Grinder hits you. Grinder gestures at you.
Pain shoots through your body!
Your Axes skill increases to level 6!
You have reached level 7!
You barely miss Grinder.
Grinder is lightly wounded.
Grinder hits you but does no damage.
You barely miss Grinder.
Grinder is lightly wounded.
Grinder hits you but does no damage.
You barely miss Grinder.
Grinder is lightly wounded.
Grinder zaps a wand.
The bolt of dispelling energy misses you.
You slash Grinder!
Grinder is heavily wounded.
Grinder hits you but does no damage. x2
You barely miss Grinder.
Grinder is heavily wounded.
Grinder zaps a wand.
The bolt of dispelling energy hits you.
You slash Grinder!
Grinder is almost dead.
Grinder gestures at you.
You suddenly lose the ability to move!
Grinder hits you.
You writhe in agony.
You can move again.
3819 ||| READING 2 scrolls of teleportation.
As you read the scroll of teleportation, it crumbles to dust.
You feel strangely unstable. Grinder hits you but does no damage.
You barely miss Grinder.
Grinder is severely wounded.
Grinder hits you!
You writhe in agony.
You die...

...###......#..~~~..#.##...###
...# ##......#######.#.......#
..## #................#####.#
..# ##.......#...##.## ..#
#..........###..# ..#
#.....###..# ##.## ...#
#..#### #..# #..# ....# ..##
#.## ##.## #...# #@# ##.##
.... #5.# ##..# ##### ....#
##.### .####..#.## .# ##### ..
##


You could see Grinder.

Vanquished Creatures
  A black bear (D:4)
  A phantom (D:5)
  A howler monkey (D:4)
  A hound (D:4)
  A jelly (D:5)
  An iguana (D:4)
  3 gnolls (D:4)
  5 adders
  An ufetubus (D:5)
  2 worms
  4 dart slugs
  3 orcs
  5 endoplasms
  2 giant cockroaches
  8 goblins
  4 hobgoblins
  4 quokkas
  3 ball pythons
  6 bats
  7 frilled lizards
  8 kobolds
  2 rats
73 creatures vanquished.

Vanquished Creatures (others)
  3 plants (D:2)
3 creatures vanquished.

Grand Total: 76 creatures vanquished

Notes
Turn   | Place    | Note
-------+----------+-------------------------------------------
     0 | D:1      | qw the Gargoyle Fighter began the quest for the Orb.
     0 | D:1      | Reached XP level 1. HP: 14/14 MP: 1/1
     0 | D:1      | 0 ||| qw: Version: 0.2-a-12-gaebbb33
     0 | D:1      | 0 ||| qw: Game counter: 938
     0 | D:1      | 0 ||| qw: Always use a shield: true
     0 | D:1      | 0 ||| qw: God list: Okawaru
     0 | D:1      | 0 ||| qw: Allow faded altars: false
     0 | D:1      | 0 ||| qw: Do Orc after D:15 true
     0 | D:1      | 0 ||| qw: Do second Lair branch before Depths: true
     0 | D:1      | 0 ||| qw: Lair rune preference: random
     0 | D:1      | 0 ||| qw: Plans: Normal, Zot:1-4, God:TSO, Crypt, Tomb,
                  | Pan, Slime:5, Hells, Abyss, Orb
     0 | D:1      | 0 ||| PLANNING D:1-11
    36 | D:1      | Reached skill level 2 in Axes
    74 | D:1      | Reached XP level 2. HP: 19/19 MP: 2/2
   382 | D:1      | Found a faded altar of an unknown god.
   648 | D:1      | 648 ||| READING scroll labelled PIR HEASESTREM.
   649 | D:1      | 649 ||| DRINKING 2 white potions.
   742 | D:2      | Reached skill level 3 in Axes
   790 | D:2      | Reached XP level 3. HP: 23/23 MP: 3/3
   881 | D:2      | 881 ||| Stepping ~*~*~tactically~*~*~ (hiding).
  1271 | D:2      | 1271 ||| DROPPING +0 club.
  1544 | D:2      | 1544 ||| UPGRADING to +0 pair of gloves.
  1549 | D:2      | 1549 ||| UPGRADING to +2 pair of gloves.
  1559 | D:2      | 1559 ||| DROPPING +0 pair of gloves.
  1560 | D:2      | 1560 ||| READING 2 scrolls labelled BEGEBRAN QESH.
  1561 | D:2      | 1561 ||| READING scroll labelled CAURGH OJURHANI.
  1562 | D:2      | 1562 ||| READING 2 scrolls of identify.
  1562 | D:2      | 1562 ||| IDENTIFYING sedimented yellow potion
  1563 | D:2      | 1563 ||| DROPPING scroll of fear.
  1564 | D:2      | 1564 ||| DROPPING potion of flight.
  1590 | D:3      | 1590 ||| STAIRDANCE
  1708 | D:3      | 1708 ||| Stepping ~*~*~tactically~*~*~ (hiding).
  1713 | D:3      | 1713 ||| Stepping ~*~*~tactically~*~*~ (hiding).
  1714 | D:3      | 1714 ||| Stepping ~*~*~tactically~*~*~ (stealth).
  1827 | D:3      | 1827 ||| Stepping ~*~*~tactically~*~*~ (stealth).
  1828 | D:3      | 1828 ||| Stepping ~*~*~tactically~*~*~ (stealth).
  1870 | D:3      | Found a snail-covered altar of Cheibriados.
  1871 | D:3      | 1871 ||| UPGRADING to +0 chain mail.
  1881 | D:3      | 1881 ||| DROPPING +0 scale mail.
  1882 | D:3      | 1882 ||| UPGRADING to +4 ring of evasion.
  1883 | D:3      | 1883 ||| READING 2 scrolls labelled GODOAM CIEM.
  2206 | D:3      | Reached XP level 4. HP: 28/28 MP: 4/4
  2478 | D:3      | 2478 ||| DROPPING amulet of magic regeneration.
  2479 | D:3      | 2479 ||| READING scroll labelled BECHEAXIZI.
  2480 | D:3      | 2480 ||| READING scroll labelled RAIBLA QIAXTI.
  2530 | D:4      | Reached skill level 4 in Axes
  2543 | D:4      | HP: 2/28 [gnoll/+0 spear (6)]
  2544 | D:4      | 2544 ||| READING scroll of teleportation.
  2863 | D:4      | 2863 ||| DROPPING +0 mace.
  2913 | D:4      | Reached XP level 5. HP: 32/32 MP: 5/5
  2995 | D:4      | Found a bloodstained altar of Trog.
  3007 | D:4      | Reached skill level 5 in Axes
  3074 | D:4      | Noticed a black bear
  3086 | D:4      | Killed a black bear
  3087 | D:4      | Reached XP level 6. HP: 36/39 MP: 6/6
  3153 | D:4      | Found a blossoming altar of Fedhas.
  3160 | D:4      | Found a shadowy altar of Dithmenos.
  3300 | D:4      | 3300 ||| Stepping ~*~*~tactically~*~*~ (stealth).
  3380 | D:4      | 3380 ||| READING scroll labelled KEIDEKHL IGGECW.
  3381 | D:4      | 3381 ||| READING scroll labelled WANTI NIASATY.
  3382 | D:4      | 3382 ||| DRINKING 2 viscous ruby potions.
  3383 | D:4      | 3383 ||| DRINKING 2 lumpy orange potions.
  3384 | D:4      | 3384 ||| DROPPING potion of invisibility.
  3400 | D:5      | Entered Level 5 of the Dungeon
  3608 | D:5      | Found a shimmering altar of Xom.
  3750 | D:5      | Found a sacrificial altar of Ru.
  3796 | D:5      | Noticed Grinder
  3797 | D:5      | 3797 ||| Stepping ~*~*~tactically~*~*~ (hiding).
  3812 | D:5      | Reached skill level 6 in Axes
  3812 | D:5      | Reached XP level 7. HP: 19/44 MP: 7/7
  3817 | D:5      | Paralysed by Grinder for 2 turns
  3818 | D:5      | HP: 10/44 [Grinder (6)]
  3819 | D:5      | 3819 ||| READING 2 scrolls of teleportation.
  3820 | D:5      | HP: 1/44 [Grinder (7)]
  3820 | D:5      | Slain by Grinder

Levels and vault maps discovered:
D:1:      doesnt_arrival_eight_statues, layout_basic,
          shapermc_ecumenical_altar_petra
D:2:      layout_basic, guppyfry_early_lair_pool
D:3:      layout_basic, cheibrodos_worm_habitat, hangedman_decor_push
D:4:      layout_rooms, jmf_multi_god_temple, mainiacjoe_overflow_brackets,
          grunt_decor_one_mirror
D:5:      layout_layer_cave, mainiacjoe_overflow_paths, nicolae_ru_awakened_eye,
          uniq_grinder

Skill      XL: |  1  2  3  4  5  6 |
---------------+-------------------+-----
Axes           | 2 3 4 5 6 |  6.1
Fighting       | 4 |  4.6
Armour         | |  3.2
Shields        | |  3.2

Action                   |  1- 3 |  4- 6 |  7- 9 || total
-------------------------+-------+-------+-------++-------
Melee: War axe           |   113 |    93 |     7 ||   213
Throw: Boomerang         |       |    10 |       ||    10
  Use: Scroll            |     5 |     5 |     1 ||    11
       Potion            |     1 |     2 |       ||     3
Armor: Scale mail        |    53 |       |       ||    53
       Chain mail        |     3 |    62 |     5 ||    70
Dodge: Dodged            |    57 |    70 |     1 ||   128
Block: Buckler           |    16 |    19 |       ||    35

Table legend:
 A = Non-vault XP
 B = Vault XP
 C = Vault XP percentage of total XP
 D = Non-vault monster count
 E = Vault monster count
 F = Vault count percentage of total count
                 A         B        C        D         E       F
            +---------+---------+-------+---------+---------+-------
      Total |     493 |     140 |  22.1 |      70 |       3 |   4.1
            +---------+---------+-------+---------+---------+-------
        D:1 |      26 |       0 |   0.0 |      15 |       0 |   0.0
        D:2 |      43 |       0 |   0.0 |      18 |       0 |   0.0
        D:3 |      14 |       5 |  26.3 |       9 |       1 |  10.0
        D:4 |     242 |     135 |  35.8 |      23 |       2 |   8.0
        D:5 |     168 |       0 |   0.0 |       5 |       0 |   0.0
            +---------+---------+-------+---------+---------+-------
